 Dungeon Crawl Stone Soup version 0.30-a0-586-g23e55c9e0a (webtiles) character file.

Game seed: 3823661160021298417

6533 themarg the Martial Artist (level 11, -5/99 HPs)
             Began as a Gnoll Transmuter on Jan 3, 2023.
             Was an Initiate of Gozag.
             Slain by a hornet (10 damage)
             ... while paralysed by a hornet
             ... on level 9 of the Dungeon.
             The game lasted 00:20:23 (8019 turns).

themarg the Martial Artist (Gnoll Transmuter)       Turns: 8019, Time: 00:20:23

Health: -5/99      AC:  8    Str: 10    XL:     11   Next: 1%
Magic:  21/22      EV:  1    Int: 17    God:    Gozag
Gold:   1066       SH:  0    Dex: 12    Spells: 13/25 levels left

rFire   x . .      SeeInvis .      - Unarmed
rCold   + + +      Faith    .    (shield currently unavailable)
rNeg    . . .      Spirit   .    (body armour currently unavailable)
rPois   +          Reflect  .    (helmet currently unavailable)
rElec   .          Harm     .    (cloak currently unavailable)
rCorr   +          Rampage  .    (gloves currently unavailable)
Will    .....                    (boots currently unavailable)
Stlth   +++                      C - amulet of magic regeneration
HPRegen 0.36/turn                n - ring of resist corrosion
MPRegen 0.58/turn                (no ring)

@: paralysed, lethally poisoned (-5 -> -13), ice-form, gold aura, slowed
A: freezing attack, amphibious, boosted hp, large, (fangs 1), strong nose,
distributed training
a: End Transformation, Renounce Religion, Potion Petition, Call Merchant, Bribe
Branch


You were on level 9 of the Dungeon.
You worshipped Gozag.
Gozag was most pleased with you.
You were a creature of crystalline ice.
You visited 1 branch of the dungeon, and saw 9 of its levels.
You also visited: Sewer.

You collected 1165 gold pieces.
You paid 99 gold pieces to Gozag.

Inventory:

Hand Weapons
 s - a +1 vampiric short sword (melded)
 N - the +2 dagger of Ravage {protect, rCorr}
   (You found it on level 8 of the Dungeon)

   It grants its wielder temporary protection when it strikes (+7 to AC).
   rCorr:     It protects you from acid and corrosion.
Missiles
 c - 99 stones
 u - 16 poisoned darts
 y - 6 boomerangs
 L - 4 silver javelins
Armour
 a - a +0 robe (melded)
 g - a +0 cloak (melded)
 w - a +0 pair of gloves (melded)
 E - a +0 crystal plate armour
Jewellery
 l - a ring of ice
 n - a ring of resist corrosion (left front paw)
 C - an amulet of magic regeneration (around neck)
 G - the amulet of Fazuqes {Acrobat Harm}
   (You found it on level 5 of the Dungeon)

   [amulet of the acrobat]

   It increases your evasion while moving and waiting.
   Harm:      It increases damage dealt and taken.
Wands
 x - a wand of paralysis (13)
 I - a wand of flame (20)
 O - a wand of quicksilver (3)
Scrolls
 e - 2 scrolls of vulnerability {unknown}
 f - 3 scrolls of teleportation
 h - a scroll of immolation {unknown}
 i - 3 scrolls of poison {unknown}
 j - 3 scrolls of enchant weapon
 m - 4 scrolls of fear {unknown}
 o - 2 scrolls of enchant armour {unknown}
 p - 2 scrolls of magic mapping {unknown}
 r - 2 scrolls of blinking {unknown}
 v - a scroll of summoning {unknown}
 J - 2 scrolls of acquirement {unknown}
 M - a scroll of fog {unknown}
Potions
 b - 2 potions of lignification
 d - 3 potions of curing
 k - 2 potions of haste
 q - 2 potions of brilliance
 t - 4 potions of might
 z - 3 potions of heal wounds
 A - a potion of berserk rage {unknown}
 B - 3 potions of degeneration
 D - 2 potions of mutation
 F - a potion of resistance {unknown}
 K - a potion of invisibility {unknown}


   Skills:
 + Level 6.6 Fighting
 + Level 6.0 Short Blades
 + Level 6.0 Long Blades
 + Level 6.0 Axes
 + Level 6.0 Maces & Flails
 + Level 6.0 Polearms
 + Level 6.0 Staves
 + Level 6.0 Ranged Weapons
 + Level 6.0 Throwing
 + Level 6.0 Armour
 + Level 7.6 Dodging
 + Level 6.0 Stealth
 + Level 6.0 Shields
 + Level 9.0 Unarmed Combat
 + Level 7.9 Spellcasting
 + Level 5.0 Conjurations
 + Level 5.0 Hexes
 + Level 5.0 Summonings
 + Level 5.0 Necromancy
 + Level 5.0 Translocations
 + Level 6.3 Transmutations
 + Level 5.0 Fire Magic
 + Level 5.0 Ice Magic
 + Level 5.0 Air Magic
 + Level 5.0 Earth Magic
 + Level 5.0 Poison Magic
 + Level 6.6 Invocations
 + Level 6.0 Evocations


You had 13 spell levels left.
You knew the following spells:

 Your Spells              Type           Power      Damage    Failure   Level
a - Beastly Appendage     Tmut           56%        N/A       1%          1
b - Wereblood             Tmut           28%        N/A       1%          2
c - Spider Form           Tmut/Pois      26%        N/A       3%          3
d - Ice Form              Ice/Tmut       26%        N/A       10%         4
Z - Blink                 Tloc           46%        N/A       1%          2

Your spell library contained the following spells:

 Spells                   Type           Power      Damage    Failure   Level
 Apportation              Tloc           46%        N/A       1%          1
 Freeze                   Ice            92%        1d9       1%          1
 Necrotise                Necr           92%        1d8       1%          1
 Summon Small Mammal      Summ           92%        N/A       1%          1
 Momentum Strike          Conj/Tloc      46%        3d9       1%          2
 Dazzling Flash           Conj/Hex       46%        N/A       4%          3
 Frozen Ramparts          Ice            46%        1d7       4%          3
 Hailstorm                Conj/Ice       23%        3d7       4%          3
 Lesser Beckoning         Tloc           46%        N/A       4%          3
 Ozocubu's Armour         Ice            23%        N/A       4%          3
 Agony                    Necr           23%        N/A       36%         5
 Silence                  Hex/Air        11%        N/A       36%         5
 Ozocubu's Refrigeration  Ice            11%        4d10      100%        7


Dungeon Overview and Level Annotations

Branches:
Dungeon (9/15)             Temple (0/1) D:7             Orc (0/2) D:9
  Sewer (visited)
   Lair: D:8-11

Altars:
Cheibriados
Elyvilon
Fedhas
Gozag
Hepliaklqana
Kikubaaqudgha
Qazlal
Ru
Sif Muna
Trog
Uskayaw
Vehumet
Wu Jian
Xom
Yredelemnul
Zin

Shops:
D:5 *

Annotations:
D:7 exclusion: door


Innate Abilities, Weirdness & Mutations

You are a creature of crystalline ice.
You have a powerful freezing melee attack.
You are amphibious.
Your maximum health is increased.
Your armour is entirely melded.
You are incapable of wielding weapons or throwing items.
((You have very sharp teeth.))
Your uncanny sense of smell can sniff out nearby items.
Your experience applies equally to all skills.


Message History

You feel very sick. The hornet stings you!
* * * LOW HITPOINT WARNING * * *
A bullfrog comes into view.
The black bear bites you.
* * * LOW HITPOINT WARNING * * *
The black bear closely misses you. The black bear barely misses you.
The bullfrog is distracted by your dazzling golden aura.
The hornet barely misses you.
You barely miss the hornet.
The hornet is heavily wounded.
You feel sick. The hornet closely misses you.
The black bear bites you but does no damage.
The black bear claws you.
* * * LOW HITPOINT WARNING * * *
The black bear closely misses you.
The bullfrog is distracted by your dazzling golden aura.
The hornet completely misses you.
The bullfrog is distracted by your dazzling golden aura.
You feel better.
You feel yourself speed up.
The bullfrog is no longer distracted by gold.
The black bear barely misses you. The black bear closely misses you.
The black bear claws you but does no damage.
The hornet stings you.
* * * LOW HITPOINT WARNING * * *
You are poisoned.
You feel yourself slow down. The black bear misses you.
The black bear claws you.
* * * LOW HITPOINT WARNING * * *
The black bear claws you but does no damage.
The hornet stings you!
* * * LOW HITPOINT WARNING * * *
You suddenly lose the ability to move!
* * * LOW HITPOINT WARNING * * *
You feel very sick.
The bullfrog is no longer distracted by gold.
The hornet stings you!
You die...
Your body crumbles into a pile of gold.

#.# ##.###
..(.# #.#.#
#.#.##
#....#####..
#....yFF.F.. ∆
#...Y# ##
#$#h## #....
#.#.####..
#...#.
##.#.......
###.>..
#.......#
......#
#..####h#
###...######..#
.#
..........$$$.#
#
........$###.##


You could see a hornet, a black bear and 3 bullfrogs.

Vanquished Creatures
  A two-headed ogre (D:8)
  Pikel (D:7)
  Maggie (D:8)
  Grinder (D:6)
  Prince Ribbit (D:8)
  2 wyverns
  5 yaks (D:9)
  A steam dragon (D:7)
  2 water moccasins
  4 black bears
  Pargi (Sewer)
  3 ice beasts
  3 orc warriors
  5 ogres
  3 centaurs
  2 lemures (D:7)
  A kobold brigand (D:8)
  A phantom (D:6)
  4 bullfrogs
  2 necrophages
  3 scorpions
  A gnoll sergeant (D:7)
  3 wights (D:7)
  5 killer bees (D:9)
  A howler monkey (D:6)
  3 hounds
  2 jellies (D:5)
  A gnoll bouda (D:8)
  2 orc priests
  4 iguanas
  3 orc wizards
  7 gnolls
  10 adders
  A white imp (D:7)
  An ufetubus (D:7)
  3 worms
  A dart slug (D:1)
  26 orcs
  7 ball pythons
  10 bats
  4 endoplasms
  6 giant cockroaches
  15 goblins
  8 hobgoblins
  4 jackals (D:1)
  4 quokkas
  3 frilled lizards (D:3)
  18 kobolds
  7 rats
207 creatures vanquished.

Vanquished Creatures (others)
  A wight (D:7)
  70 fungi
  42 plants (D:9)
113 creatures vanquished.

Grand Total: 320 creatures vanquished

Notes
Turn   | Place    | Note
-------+----------+-------------------------------------------
     0 | D:1      | themarg the Gnoll Transmuter began the quest for the Orb.
     0 | D:1      | Reached XP level 1. HP: 17/17 MP: 6/6
   144 | D:1      | Reached XP level 2. HP: 19/23 MP: 5/7
   147 | D:1      | Learned a level 2 spell: Wereblood
   665 | D:1      | Reached skill level 5 in Spellcasting
   665 | D:1      | Reached XP level 3. HP: 28/28 MP: 5/9
   713 | D:1      | Learned a level 3 spell: Spider Form
  1293 | D:2      | Reached skill level 1 in Invocations
  1445 | D:2      | Reached skill level 1 in Short Blades
  1445 | D:2      | Reached skill level 1 in Long Blades
  1445 | D:2      | Reached skill level 1 in Axes
  1445 | D:2      | Reached skill level 1 in Maces & Flails
  1445 | D:2      | Reached skill level 1 in Polearms
  1445 | D:2      | Reached skill level 1 in Staves
  1445 | D:2      | Reached skill level 1 in Ranged Weapons
  1445 | D:2      | Reached skill level 1 in Throwing
  1445 | D:2      | Reached skill level 1 in Armour
  1445 | D:2      | Reached skill level 1 in Stealth
  1445 | D:2      | Reached skill level 1 in Shields
  1445 | D:2      | Reached skill level 1 in Evocations
  1858 | D:2      | Reached XP level 4. HP: 34/34 MP: 9/11
  2099 | D:3      | Found a bloodstained altar of Trog.
  2129 | D:3      | Found a glowing silver altar of Zin.
  2147 | D:3      | Reached skill level 1 in Conjurations
  2147 | D:3      | Reached skill level 1 in Hexes
  2147 | D:3      | Reached skill level 1 in Summonings
  2147 | D:3      | Reached skill level 1 in Necromancy
  2147 | D:3      | Reached skill level 1 in Translocations
  2147 | D:3      | Reached skill level 1 in Fire Magic
  2147 | D:3      | Reached skill level 1 in Ice Magic
  2147 | D:3      | Reached skill level 1 in Air Magic
  2147 | D:3      | Reached skill level 1 in Earth Magic
  2147 | D:3      | Reached skill level 1 in Poison Magic
  2343 | D:3      | Found an ancient bone altar of Kikubaaqudgha.
  2831 | D:4      | Reached XP level 5. HP: 39/40 MP: 6/12
  2989 | D:4      | Noticed a black bear
  3007 | D:4      | Killed a black bear
  3008 | D:4      | Reached XP level 6. HP: 22/47 MP: 7/13
  3103 | D:4      | Found a sacrificial altar of Ru.
  3108 | D:4      | Noticed a black bear
  3122 | D:4      | Killed a black bear
  3123 | D:4      | Reached skill level 5 in Dodging
  3443 | D:4      | Reached skill level 7 in Unarmed Combat
  3443 | D:4      | Reached XP level 7. HP: 52/52 MP: 12/15
  3497 | D:4      | Found a snail-covered altar of Cheibriados.
  4237 | D:5      | Entered Level 5 of the Dungeon
  4239 | D:5      | Found a glowing drain.
  4266 | Sewer    | Entered a sewer
  4280 | Sewer    | Noticed Pargi
  4288 | Sewer    | Killed Pargi
  4588 | D:5      | Found a hide-covered altar of Uskayaw.
  4590 | D:5      | Found an opulent altar of Gozag.
  4591 | D:5      | Found a radiant altar of Vehumet.
  4595 | D:5      | Found a basalt altar of Yredelemnul.
  4602 | D:5      | Found a hazy altar of Hepliaklqana.
  4605 | D:5      | Found an ornate altar of the Wu Jian Council.
  4608 | D:5      | Found a shimmering blue altar of Sif Muna.
  4609 | D:5      | Found a shimmering altar of Xom.
  4631 | D:5      | Became a worshipper of Gozag Ym Sagoz the Greedy
  4693 | D:5      | Reached XP level 8. HP: 53/60 MP: 16/16
  4740 | D:5      | Found Xukerph's General Store.
  4826 | D:5      | Learned a level 4 spell: Ice Form
  4929 | D:5      | Identified the amulet of Fazuqes {Acrobat Harm}
  5402 | D:6      | Noticed Grinder
  5440 | D:6      | Reached skill level 5 in Transmutations
  5444 | D:6      | Killed Grinder
  5445 | D:6      | Reached XP level 9. HP: 48/67 MP: 14/18
  5558 | D:6      | Reached skill level 5 in Fighting
  6085 | D:7      | Found a white marble altar of Elyvilon.
  6093 | D:7      | Reached skill level 8 in Unarmed Combat
  6146 | D:7      | Reached skill level 5 in Invocations
  6344 | D:7      | Found a staircase to the Ecumenical Temple.
  6563 | D:7      | Found a blossoming altar of Fedhas.
  6606 | D:7      | Noticed Pikel
  6611 | D:7      | Killed Pikel
  6612 | D:7      | Reached skill level 5 in Short Blades
  6612 | D:7      | Reached skill level 5 in Long Blades
  6612 | D:7      | Reached skill level 5 in Axes
  6612 | D:7      | Reached skill level 5 in Maces & Flails
  6612 | D:7      | Reached skill level 5 in Polearms
  6612 | D:7      | Reached skill level 5 in Staves
  6612 | D:7      | Reached skill level 5 in Ranged Weapons
  6612 | D:7      | Reached skill level 5 in Throwing
  6612 | D:7      | Reached skill level 5 in Armour
  6612 | D:7      | Reached skill level 5 in Stealth
  6612 | D:7      | Reached skill level 5 in Shields
  6612 | D:7      | Reached skill level 5 in Evocations
  6612 | D:7      | Reached XP level 10. HP: 65/76 MP: 20/20
  6705 | D:7      | Noticed a vault sentinel
  6705 | D:7      | Noticed a vault sentinel
  6736 | D:7      | Found a stormy altar of Qazlal.
  6985 | D:8      | Identified the +2 dagger of Ravage {protect, rCorr}
  7139 | D:8      | Noticed Prince Ribbit
  7147 | D:8      | Killed Prince Ribbit
  7303 | D:8      | Noticed a two-headed ogre
  7315 | D:8      | Killed a two-headed ogre
  7440 | D:8      | Learned a level 2 spell: Blink
  7540 | D:8      | Noticed Maggie
  7554 | D:8      | Killed Maggie
  7880 | D:9      | Found a staircase to the Orcish Mines.
  7944 | D:9      | Reached skill level 9 in Unarmed Combat
  7977 | D:9      | Reached skill level 5 in Conjurations
  7977 | D:9      | Reached skill level 5 in Hexes
  7977 | D:9      | Reached skill level 5 in Summonings
  7977 | D:9      | Reached skill level 5 in Necromancy
  7977 | D:9      | Reached skill level 5 in Translocations
  7977 | D:9      | Reached skill level 5 in Fire Magic
  7977 | D:9      | Reached skill level 5 in Ice Magic
  7977 | D:9      | Reached skill level 5 in Air Magic
  7977 | D:9      | Reached skill level 5 in Earth Magic
  7977 | D:9      | Reached skill level 5 in Poison Magic
  7981 | D:9      | Reached XP level 11. HP: 58/83 MP: 22/22
  8018 | D:9      | Paralysed by a hornet for 3 turns
  8019 | D:9      | Slain by a hornet

Illustrated notes

Levels and vault maps discovered:
D:1:      dpeg_arrival_simpleton_c, layout_basic
D:2:      layout_basic, minmay_box_of_dots
D:3:      layout_loops_ring, mainiacjoe_overflow_brackets,
          mainiacjoe_overflow_catch_the_wave, nrook_campfire
D:4:      layout_basic, overflow_temple_1_default,
          mainiacjoe_overflow_six_doors_small, serial_corexii_hall,
          chequers_hall_statues_y, chequers_hall_statues_y,
          chequers_hall_statues_wall_a, corexii_hall_statues_u,
          corexii_hall_statues_l, chequers_hall_statues_corner_a,
          minmay_ogre_servants
D:5:      kb_forest_paths, layout_rooms, nicolae_overflow_hallway_of_the_gods,
          serial_shops, nicolae_shop_hallway_plus, cheibrodos_sewer_entry_drain,
          serial_glass, glass_columns_b, glass_columns_b,
          chequers_serial_rivers_micro_d
D:6:      layout_cave_pools, kennysheep_windowed_goal, uniq_grinder
D:7:      layout_cave_pools, grunt_temple_overflow_forces_of_nature,
          elyvilon_altar_3, minmay_temple_entry_from_below_a,
          hellmonk_guarded_unrand_gong, uniq_pikel
D:8:      layout_loops_ring, kennysheep_decorative_pillar,
          kennysheep_generic_room_3, uniq_maggie, uniq_prince_ribbit1
D:9:      layout_loops_ring, due_lair_maze_entry_diamond, orc_0_dummy

Skill      XL: |  1  2  3  4  5  6  7  8  9 10 |
---------------+-------------------------------+-----
Spellcasting   | 5 6 7 |  7.9
Invocations    | 1 2 3 4 5 6 |  6.6
Short Blades   | 1 2 3 4 5 6 |  6.0
Long Blades    | 1 2 3 4 5 6 |  6.0
Axes           | 1 2 3 4 5 6 |  6.0
Maces & Flails | 1 2 3 4 5 6 |  6.0
Polearms       | 1 2 3 4 5 6 |  6.0
Staves         | 1 2 3 4 5 6 |  6.0
Ranged Weapons | 1 2 3 4 5 6 |  6.0
Throwing       | 1 2 3 4 5 6 |  6.0
Armour         | 1 2 3 4 5 6 |  6.0
Stealth        | 1 2 3 4 5 6 |  6.0
Shields        | 1 2 3 4 5 6 |  6.0
Evocations     | 1 2 3 4 5 6 |  6.0
Conjurations   | 1 2 3 4 5 |  5.0
Hexes          | 1 2 3 4 5 |  5.0
Summonings     | 1 2 3 4 5 |  5.0
Necromancy     | 1 2 3 4 5 |  5.0
Translocations | 1 2 3 4 5 |  5.0
Fire Magic     | 1 2 3 4 5 |  5.0
Ice Magic      | 1 2 3 4 5 |  5.0
Air Magic      | 1 2 3 4 5 |  5.0
Earth Magic    | 1 2 3 4 5 |  5.0
Poison Magic   | 1 2 3 4 5 |  5.0
Fighting       | 3 4 5 6 |  6.6
Transmutations | 4 5 6 |  6.3
Dodging        | 5 6 7 |  7.6
Unarmed Combat | 7 8 9 |  9.0

Action                   |  1- 3 |  4- 6 |  7- 9 | 10-12 || total
-------------------------+-------+-------+-------+-------++-------
Melee: Unarmed           |    29 |    83 |   235 |   113 ||   460
       Headbutt          |     7 |     1 |       |       ||     8
       Bite              |     4 |     1 |       |     1 ||     6
       Short sword       |    61 |    34 |     2 |     4 ||   101
       Kick              |    14 |    10 |       |       ||    24
 Cast: Beastly Appendage |    32 |    12 |       |       ||    44
       Wereblood         |     2 |     5 |     7 |     4 ||    18
       Spider Form       |     2 |    13 |    22 |     1 ||    38
       Ice Form          |       |       |    10 |    11 ||    21
  Use: Scroll            |       |     3 |     3 |     3 ||     9
       Potion            |       |       |     2 |     1 ||     3
 Stab: Sleeping          |     1 |     3 |     3 |     2 ||     9
       Distracted        |       |       |     1 |     2 ||     3
Armor: Robe              |     9 |     8 |       |     1 ||    18
       Skin              |     1 |     2 |    33 |    17 ||    53
Dodge: Dodged            |    53 |    92 |   170 |    72 ||   387

Table legend: (Time is in decaauts)
 A = Elapsed time spent in this place.
 B = Non-inter-level travel time spent in this place.
 C = Inter-level travel time spent in this place.
 D = Time resting spent in this place.
 E = Time spent auto-exploring this place.
 F = Levels seen in this place.
 G = Mean time per level.
                   A        B        C        D        E       F      G
               +--------+--------+--------+--------+--------+-----+--------+
         Total |   7952 |   7795 |    157 |     24 |   6067 |  10 |  795.2 |
       Dungeon |   7742 |   7585 |    157 |     13 |   6007 |   9 |  860.2 |
         Sewer |    210 |    210 |      0 |     11 |     60 |   1 |  210.0 |
               +--------+--------+--------+--------+--------+-----+--------+

Top non-repeatable levels by time:
     D:4: 1537 daAuts
     D:1: 1098 daAuts
     D:5: 920 daAuts
     D:8: 868 daAuts
     D:7: 867 daAuts
     D:2: 848 daAuts
     D:3: 728 daAuts
     D:6: 669 daAuts
   Sewer: 210 daAuts
     D:9: 205 daAuts
